 Dungeon Sprint DCSS version 0.22-a0-430-g6609fc6 (webtiles) character file.

14906 raistware the Eviscerator (level 11, -31/58 HPs)
             Began as a Felid Berserker on May 26, 2018.
             Was the Champion of Trog.
             Killed from afar by a shadow dragon (62 damage)
             ... with a bolt of negative energy
             ... in the Dungeon (Sprint IX: "|||||||||||||||||||||||||||||").
             The game lasted 00:16:38 (2411 turns).

raistware the Eviscerator (Felid Berserker)         Turns: 2411, Time: 00:16:39

Health: -31/58     AC:  4    Str: 14    XL:     11   Next: 94%
Magic:  20/20      EV: 31    Int: 12    God:    Trog [******]
Gold:   843        SH:  0    Dex: 18    Spells: 10/10 levels left
                                        Lives:  0   Deaths: 3

rFire    . . .     SeeInvis +     - Unarmed
rCold    . . .     Gourm    .   (shield unavailable)
rNeg     . . .     Faith    .   (armour unavailable)
rPois    .         Spirit   .   (helmet unavailable)
rElec    .         Reflect  .   (cloak unavailable)
rCorr    .         Harm     .   (gloves unavailable)
MR       +....     NoTele   +   (boots unavailable)
Stlth    +++++++...             (no amulet)
HPRegen  0.19/turn              k - +2 ring of protection
MPRegen  0.17/turn              l - +3 ring of intelligence

@: berserk cooldown, drained, quick
A: very small, no armour, no weapons or thrown items, stealth, claws 1, fangs 3,
see invisible, carnivore, deterioration 1, speed 1, high mp 1, mutation
resistance 1, shaggy fur 2, slow metabolism 1, sharp paws
a: Berserk, Trog's Hand, Brothers in Arms, Renounce Religion


You were in the Dungeon.
You worshipped Trog.
Trog was exalted by your worship.
You were very full.

You visited 1 branch You collected 1909 gold pieces.
You spent 1066 gold pieces at shops.

Inventory:

Jewellery
 k - a +2 ring of protection (left paw)
 l - a +3 ring of intelligence (right paw)
 r - an uncursed ring of protection from magic
 s - an uncursed ring of ice
Wands
 j - a wand of acid (10)
 q - a wand of iceblast (3)
Scrolls
 g - 4 scrolls of blinking
 i - 7 scrolls of remove curse
 o - a scroll of magic mapping
 p - a scroll of fog
 w - a scroll of enchant weapon {unknown}
Potions
 b - 11 potions of curing
 c - 7 potions of heal wounds
 e - 4 potions of magic
 f - 2 potions of berserk rage
 h - 4 potions of invisibility
 m - a potion of brilliance
 n - 2 potions of might
 t - 2 potions of haste
 u - a potion of ambrosia
 v - a potion of agility
 x - 2 potions of resistance
Comestibles
 a - 13 rations
 d - 7 chunks of flesh


   Skills:
 + Level 12.9(11.8) Fighting
 + Level 16.1(14.9) Dodging
 + Level 18.7(17.5) Stealth
 + Level 22.7(21.4) Unarmed Combat
 + Level 8.7(7.8) Evocations


You had 10 spell levels left.
You didn't know any spells.
Your spell library was empty.

Dungeon Overview and Level Annotations

Branches:
Dungeon (1/1)

Altars:
Cheibriados
Dithmenos
Elyvilon
Fedhas
Gozag
Hepliaklqana
Kikubaaqudgha
Makhleb
Nemelex Xobeh
Okawaru
Qazlal
Ru
Sif Muna
Trog
Uskayaw
Vehumet
Wu Jian
Xom
Yredelemnul
Zin
The Shining One
Beogh
Jiyva
Lugonu

Shops:
D ![[*


Innate Abilities, Weirdness & Mutations

You cannot wear armour.
You are incapable of wielding weapons or throwing items.
Your paws allow you to move quietly. (Stealth)
You have sharp claws.
You have razor-sharp teeth.
You have supernaturally acute eyesight. (SInv)
You are carnivorous and can eat meat at any time.
You cover ground quickly.
You are covered in thick fur. (AC +2)
You have a slow metabolism.
Your sharp claws are effective at attacking unaware monsters.
Your body sometimes deteriorates upon taking damage.
You have an increased reservoir of magic. (+10% MP)
You are somewhat resistant to further mutation.


Message History

Your deep troll closely misses the shadow dragon.
Your deep troll claws the shadow dragon!
Your deep troll bites the shadow dragon!
Your deep troll claws the shadow dragon.
Your deep troll closely misses the shadow dragon.
The shadow dragon bites your deep troll.
The shadow dragon claws your deep troll! x2
The spriggan air mage waves its arms in wide circles.
The air twists around and strikes you!
Your deep troll bites the shadow dragon!!
Your deep troll claws the shadow dragon.
Your deep troll barely misses the shadow dragon.
The shadow dragon bites your deep troll.
Your deep troll dies!
Your deep troll's corpse disappears in a puff of smoke!
You feel yourself speed up.
The shadow dragon breathes negative energy at you.
The bolt of negative energy hits you!
You feel drained.
Ouch! That really hurt!
You die...

▓▓▓▓▓▓▓▓▓▓▓▓▓▓▓▓▓▓▓▓▓▓▓▓▓▓▓▓▓▓▓▓▓
.................................
▓▓▓▓▓▓▓▓▓▓▓▓▓▓▓▓▓▓▓▓▓▓▓▓▓▓▓▓▓▓▓▓▓
...')..()())....@...†Dci)))†...S.
▓▓▓▓▓▓▓▓▓▓▓▓▓▓▓▓▓▓▓▓▓▓▓▓▓▓▓▓▓▓▓▓▓
▓▓▓▓▓▓▓▓▓▓▓▓▓▓▓▓▓♣♣♣♣♣♣♣♣♣♣▓▓▓▓▓▓
.................................
▓▓▓▓▓▓▓▓▓▓▓▓▓▓▓▓▓▓▓▓▓▓▓▓▓▓▓▓▓▓▓▓▓
..(')[........D)..)').?.......[[[


You could see a shadow dragon, a spriggan air mage and a yaktaur.

Vanquished Creatures
  A tengu reaver (D)
  A fire dragon (D)
  A great orb of eyes (D)
  A yaktaur captain (D)
  An ogre mage (D)
  A centaur warrior (D)
  A two-headed ogre (D)
  An ironbrand convoker (D)
  An ugly thing (D)
  Psyche (D)
  A vault sentinel (D)
  A rime drake (D)
  A kobold demonologist (D)
  A hippogriff (D)
  A wyvern (D)
  A yak (D)
  Eustachio (D)
  Grum (D)
  2 vampire mosquitoes (D)
  2 porcupines (D)
  An orc warrior (D)
  A sky beast (D)
  A phantom (D)
  4 wolves (D)
  An ogre (D)
  2 crocodiles (D)
  3 bullfrogs (D)
  A scorpion (D)
  An orc wizard (D)
  2 shadow imps (D)
  An adder skeleton (D)
  An orc (D)
  2 bat zombies (D)
  A giant cockroach (D)
  A kobold (D)
  A bat (D)
  A giant cockroach zombie (D)
  A leopard gecko skeleton (D)
  2 rats (D)
50 creatures vanquished.

Vanquished Creatures (collateral kills)
  A fire giant (D)
  An iron dragon (D)
  2 ironheart preservers (D)
  A stone giant (D)
  A spark wasp (D)
  2 ettins (D)
  2 ice dragons (D)
  A catoblepas (D)
  A deep troll shaman (D)
  A centaur warrior (D)
  2 ogre magi (D)
  2 tengu warriors (D)
  5 death yaks (D)
  A shadow wraith (D)
  A skeletal warrior (D)
  6 deep trolls (D)
  A flayed ghost (D)
  A wizard (D)
  An ironbrand convoker (D)
  2 orc knights (D)
  A necromancer (D)
  A wolf spider (D)
  An orc sorcerer (D)
  A cyclops (D)
  An elephant (D)
  2 ugly things (D)
  4 vault sentinels (D)
  A spiny frog (D)
  A komodo dragon (D)
  A yaktaur (D)
  5 trolls (D)
  A tyrant leech (shapeshifter) (D)
  A hornet (D)
  A blink frog (D)
  A hippogriff (D)
  A water elemental (D)
  A wyvern (D)
  4 yaks (D)
  A spriggan (shapeshifter) (D)
  9 orc warriors (D)
  A porcupine (D)
  A boggart (D)
  A crocodile (D)
  A crimson imp (D)
  2 orc priests (D)
  3 orc wizards (D)
  7 orcs (D)
90 creatures vanquished.

Grand Total: 140 creatures vanquished

Notes
Turn   | Place    | Note
-------+----------+-------------------------------------------
     0 | D        | raistware the Felid Berserker began the quest for the Orb.
     0 | D        | Reached XP level 1. HP: 10/10 MP: 2/2
    12 | D        | Reached ** piety under Trog
    12 | D        | Reached skill level 4 in Unarmed Combat
    25 | D        | Noticed a sky beast
    25 | D        | Noticed an ogre
    27 | D        | Reached skill level 5 in Unarmed Combat
    27 | D        | Reached XP level 2. HP: 14/14 MP: 3/3
    32 | D        | Killed an ogre
    32 | D        | Reached *** piety under Trog
    32 | D        | Reached skill level 9 in Unarmed Combat
    32 | D        | Reached XP level 3. HP: 17/17 MP: 4/4
    32 | D        | Reached XP level 4. HP: 21/21 MP: 5/5
    35 | D        | Killed a sky beast
    35 | D        | Reached skill level 11 in Unarmed Combat
    35 | D        | Reached XP level 5. HP: 24/24 MP: 6/6
    43 | D        | Found a roughly hewn altar of Beogh.
    43 | D        | Found a snail-covered altar of Cheibriados.
    43 | D        | Found a shadowy altar of Dithmenos.
    43 | D        | Found a white marble altar of Elyvilon.
    43 | D        | Found a blossoming altar of Fedhas.
    43 | D        | Found an opulent altar of Gozag.
    44 | D        | Found a hazy altar of Hepliaklqana.
    45 | D        | Found a viscous altar of Jiyva.
    46 | D        | Found an ancient bone altar of Kikubaaqudgha.
    47 | D        | Found a corrupted altar of Lugonu.
    48 | D        | Found a burning altar of Makhleb.
    49 | D        | Found a sparkling altar of Nemelex Xobeh.
    50 | D        | Found an iron altar of Okawaru.
    51 | D        | Found a stormy altar of Qazlal.
    52 | D        | Found a sacrificial altar of Ru.
    53 | D        | Found a deep blue altar of Sif Muna.
    54 | D        | Found a bloodstained altar of Trog.
    55 | D        | Found a hide-covered altar of Uskayaw.
    56 | D        | Found a radiant altar of Vehumet.
    57 | D        | Found an ornate altar of the Wu Jian Council.
    58 | D        | Found a shimmering altar of Xom.
    59 | D        | Found a basalt altar of Yredelemnul.
    60 | D        | Found a glowing silver altar of Zin.
    61 | D        | Found a glowing golden altar of the Shining One.
    87 | D        | Noticed a hippogriff
    87 | D        | Noticed a phantom
    92 | D        | Killed a phantom
    92 | D        | Reached **** piety under Trog
    92 | D        | Reached skill level 12 in Unarmed Combat
    92 | D        | Gained mutation: You are covered in thick fur. (AC +2) [Felid growth]
    92 | D        | Reached XP level 6. HP: 28/28 MP: 7/7
    96 | D        | Reached skill level 13 in Unarmed Combat
    99 | D        | Killed a hippogriff
    99 | D        | Reached skill level 14 in Unarmed Combat
    99 | D        | Reached XP level 7. HP: 31/31 MP: 8/8
   101 | D        | Reached ***** piety under Trog
   143 | D        | Noticed a wyvern
   143 | D        | Noticed a centaur warrior
   143 | D        | Noticed a kobold demonologist
   143 | D        | Noticed a two-headed ogre
   148 | D        | Killed a two-headed ogre
   148 | D        | Reached skill level 16 in Unarmed Combat
   148 | D        | Reached XP level 8. HP: 21/34 MP: 9/9
   150 | D        | Noticed an orange demon
   154 | D        | Killed a kobold demonologist
   154 | D        | Reached skill level 17 in Unarmed Combat
   157 | D        | Killed a centaur warrior
   157 | D        | Reached skill level 18 in Unarmed Combat
   157 | D        | Reached XP level 9. HP: 8/37 MP: 10/10
   214 | D        | Reached skill level 19 in Unarmed Combat
   276 | D        | Noticed Grum
   364 | D        | Killed Grum
   364 | D        | Reached ****** piety under Trog
   484 | D        | Noticed a rime drake
   486 | D        | Reached skill level 20 in Unarmed Combat
   504 | D        | Killed from afar by a rime drake
   505 | D        | Reached XP level 8. HP: -7/34 MP: 9/9
   566 | D        | Gained mutation: Your body sometimes deteriorates upon taking damage. [potion of mutation]
   566 | D        | Gained mutation: You are somewhat resistant to further mutation. [potion of mutation]
   566 | D        | Gained mutation: You have an increased reservoir of magic. (+10% MP) [potion of mutation]
   618 | D        | Noticed Psyche
   625 | D        | Killed Psyche
   686 | D        | Found Pukid's Distillery.
   686 | D        | Noticed a troll
   686 | D        | Noticed a deep troll
   686 | D        | Noticed an ogre mage
   686 | D        | Noticed a troll
   686 | D        | Noticed a deep troll
   695 | D        | Killed a troll
   695 | D        | Reached skill level 5 in Dodging
   695 | D        | Reached XP level 9. HP: 39/39 MP: 10/10
   697 | D        | Killed a deep troll
   699 | D        | Noticed a troll
   699 | D        | Killed an ogre mage
   699 | D        | Reached skill level 5 in Stealth
   700 | D        | Killed a deep troll
   700 | D        | Reached skill level 5 in Fighting
   701 | D        | Killed a troll
   702 | D        | Noticed a deep troll
   703 | D        | Killed a troll
   705 | D        | Killed a deep troll
   716 | D        | Found Uquot's Antique Armour Boutique.
   720 | D        | Found Ibiys's Antique Armour Shop.
   722 | D        | Noticed a deep troll
   723 | D        | Found Waatodef's Assorted Antiques.
   724 | D        | Noticed a troll
   725 | D        | Noticed an ogre mage
   729 | D        | Noticed a deep troll
   734 | D        | Noticed a deep troll
   741 | D        | Killed a deep troll
   741 | D        | Noticed a troll
   742 | D        | Killed a troll
   746 | D        | Killed an ogre mage
   746 | D        | Reached XP level 10. HP: 46/46 MP: 12/12
   747 | D        | Killed a deep troll
   755 | D        | Killed a deep troll
   755 | D        | Reached skill level 21 in Unarmed Combat
   770 | D        | Bought a bubbling sapphire potion for 19 gold pieces
   770 | D        | Bought a potion of heal wounds for 110 gold pieces
   770 | D        | Bought a scroll of identify for 44 gold pieces
   770 | D        | Bought an emerald potion for 19 gold pieces
   770 | D        | Bought a scroll labeled LIDUTT KUOG for 22 gold pieces
   795 | D        | Noticed an orc knight
   797 | D        | Noticed an orc knight
   801 | D        | Killed an orc knight
   802 | D        | Noticed an orc sorcerer
   803 | D        | Killed an orc knight
   803 | D        | Reached skill level 10 in Dodging
   803 | D        | Reached skill level 10 in Stealth
   806 | D        | Killed an orc sorcerer
   957 | D        | Noticed Eustachio
   964 | D        | Killed Eustachio
   991 | D        | Noticed a death yak
   992 | D        | Noticed a catoblepas
  1013 | D        | Killed a death yak
  1029 | D        | Noticed a death yak
  1033 | D        | Killed a catoblepas
  1034 | D        | Noticed a death yak
  1034 | D        | Noticed a death yak
  1041 | D        | Killed a death yak
  1044 | D        | Killed a death yak
  1048 | D        | Killed a death yak
  1052 | D        | Reached XP level 11. HP: 47/53 MP: 13/13
  1073 | D        | Noticed a death yak
  1085 | D        | Killed a death yak
  1337 | D        | Bought a potion of resistance for 120 gold pieces
  1337 | D        | Bought a potion of resistance for 120 gold pieces
  1337 | D        | Bought a potion of invisibility for 96 gold pieces
  1337 | D        | Bought a potion of invisibility for 96 gold pieces
  1337 | D        | Bought 2 potions of curing for 72 gold pieces
  1337 | D        | Bought a potion of heal wounds for 60 gold pieces
  1337 | D        | Bought a potion of curing for 36 gold pieces
  1337 | D        | Bought a potion of curing for 36 gold pieces
  1337 | D        | Bought a potion of invisibility for 96 gold pieces
  1337 | D        | Bought a potion of haste for 120 gold pieces
  1464 | D        | Noticed a tengu warrior
  1464 | D        | Noticed a skeletal warrior
  1469 | D        | Killed a skeletal warrior
  1476 | D        | Killed a tengu warrior
  1495 | D        | Noticed a tengu warrior
  1498 | D        | Noticed an ogre mage
  1500 | D        | Noticed a deep troll shaman
  1502 | D        | Killed an ogre mage
  1502 | D        | Reached skill level 10 in Fighting
  1502 | D        | Reached skill level 15 in Stealth
  1507 | D        | Killed a tengu warrior
  1509 | D        | Killed a deep troll shaman
  1513 | D        | Noticed an ice dragon
  1516 | D        | Noticed a fire dragon
  1518 | D        | Killed an ice dragon
  1538 | D        | Noticed a stone giant
  1538 | D        | Killed from afar by a fire dragon
  1539 | D        | Reached XP level 10. HP: -14/51 MP: 12/12
  1670 | D        | Noticed a fire giant
  1675 | D        | Killed a fire giant
  1707 | D        | Killed a stone giant
  1707 | D        | Reached skill level 1 in Evocations
  1950 | D        | Killed a fire dragon
  1950 | D        | Reached skill level 22 in Unarmed Combat
  1950 | D        | Reached XP level 11. HP: 55/55 MP: 13/15
  2049 | D        | Noticed a sea snake
  2049 | D        | Noticed a merfolk impaler
  2049 | D        | Noticed a merfolk javelineer
  2058 | D        | HP: 2/55 [wind drake/the air (18)]
  2058 | D        | Hit by a javelin of returning thrown by a merfolk javelineer
  2059 | D        | Reached XP level 10. HP: -26/51 MP: 14/14
  2139 | D        | Noticed a yaktaur captain
  2139 | D        | Noticed a green ugly thing
  2139 | D        | Noticed a great orb of eyes
  2139 | D        | Noticed an ironbrand convoker
  2139 | D        | Noticed a vault sentinel
  2139 | D        | Noticed a flayed ghost
  2140 | D        | Noticed a white ugly thing
  2147 | D        | Killed a yaktaur captain
  2148 | D        | Noticed an ironbrand convoker
  2154 | D        | Killed a green ugly thing
  2155 | D        | Noticed a vault sentinel
  2157 | D        | Noticed an ironheart preserver
  2159 | D        | Killed a great orb of eyes
  2164 | D        | Killed an ironbrand convoker
  2165 | D        | Noticed a shadow wraith
  2169 | D        | Killed a vault sentinel
  2169 | D        | Reached skill level 5 in Evocations
  2170 | D        | Noticed a vault sentinel
  2172 | D        | Killed a flayed ghost
  2174 | D        | Killed a white ugly thing
  2175 | D        | Killed an ironheart preserver
  2176 | D        | Killed an ironbrand convoker
  2176 | D        | Reached XP level 11. HP: 49/57 MP: 17/17
  2183 | D        | Noticed a purple ugly thing
  2186 | D        | Killed a shadow wraith
  2192 | D        | Noticed a wolf spider
  2193 | D        | Noticed an ironheart preserver
  2197 | D        | Killed a purple ugly thing
  2200 | D        | Killed an ironheart preserver
  2200 | D        | Reached skill level 15 in Dodging
  2201 | D        | Killed a wolf spider
  2213 | D        | Noticed a wizard
  2220 | D        | Killed a wizard
  2355 | D        | Noticed a centaur warrior
  2355 | D        | Noticed a tengu reaver
  2355 | D        | Noticed an ettin
  2355 | D        | Noticed a necromancer
  2355 | D        | Noticed an ettin
  2355 | D        | Noticed a lindwurm
  2356 | D        | a lindwurm changed into a manticore
  2357 | D        | Noticed a two-headed ogre
  2357 | D        | a manticore changed into a two-headed ogre
  2369 | D        | Killed a tengu reaver
  2370 | D        | Noticed an iron dragon
  2374 | D        | Killed a centaur warrior
  2376 | D        | a two-headed ogre changed into a faun
  2380 | D        | Killed an ettin
  2381 | D        | Killed a necromancer
  2382 | D        | Noticed a glowing orange brain
  2382 | D        | a manticore changed into a glowing orange brain
  2384 | D        | Killed an ettin
  2385 | D        | Noticed a death drake
  2388 | D        | a death drake changed into a moth of wrath
  2388 | D        | Killed an iron dragon
  2391 | D        | Noticed an ice dragon
  2394 | D        | Noticed a spark wasp
  2394 | D        | Killed an ice dragon
  2399 | D        | Noticed a shadow dragon
  2399 | D        | Killed a spark wasp
  2404 | D        | Noticed a spriggan air mage
  2411 | D        | Killed from afar by a shadow dragon

Vault maps used:
D:        linesprint

Skill      XL: |  1  2  3  4  5  6  7  8  9 10 11 |
---------------+----------------------------------+-----
Unarmed Combat | 5 9 11 12 14 16 18 20 22 | 22.7
Stealth        | 3 8 17 18 | 18.7
Dodging        | 5 8 14 16 | 16.1
Fighting       | 6 11 12 | 12.9
Evocations     | 5 8 |  8.7

Action                   |  1- 3 |  4- 6 |  7- 9 | 10-12 || total
-------------------------+-------+-------+-------+-------++-------
Melee: Unarmed           |    15 |    15 |    55 |    72 ||   157
       Punch             |       |     1 |     8 |     8 ||    17
       Bite              |       |       |     5 |    11 ||    16
Invok: Berserk           |     1 |     1 |     5 |     4 ||    11
       Trog's Hand       |       |       |     4 |     4 ||     8
       Brothers in Arms  |       |       |     3 |    25 ||    28
  Use: Potion            |       |       |     2 |       ||     2
       Scroll            |       |       |       |     2 ||     2
 Stab: Sleeping          |     1 |       |       |     1 ||     2
  Eat: Chunk             |     1 |       |    12 |    33 ||    46
Armor: Skin              |     2 |     1 |       |     3 ||     6
Dodge: Dodged            |    10 |     4 |    32 |    43 ||    89

Table legend:
 A = Spawn XP
 B = Non-spawn XP
 C = Spawn XP percentage of total XP
 D = Spawn monster count
 E = Non-spawn monster count
 F = Spawn count percentage of total count
 G = Total turns spent on level
                    A         B        C        D         E        F      G
               +---------+---------+-------+---------+---------+-------+---------
         Total |       0 |   37655 |   0.0 |       0 |     140 |   0.0 |  2411
               +---------+---------+-------+---------+---------+-------+---------
             D |       0 |   37655 |   0.0 |       0 |     140 |   0.0 |  2411
               +---------+---------+-------+---------+---------+-------+---------
